 Dungeon Crawl Stone Soup version 0.24-a0-525-g9231cdcba1 (webtiles) character file.

Game seed: 16922940995466628021

4422 Norm the Fighter (level 10, -11/96 HPs)
             Began as a Purple Draconian Conjurer on Aug 1, 2019.
             Was a Believer of Sif Muna.
             Mangled by an ogre
             ... wielding a +0 giant spiked club
              (18 damage)
             ... on level 9 of the Dungeon on Aug 2, 2019.
             The game lasted 00:47:21 (14245 turns).

Norm the Fighter (Purple Draconian Conjurer)       Turns: 14245, Time: 00:47:22

Health: -11/96     AC:  7    Str: 10    XL:     10   Next: 14%
Magic:  14/23      EV: 15    Int: 24    God:    Sif Muna [**....]
Gold:   421        SH:  0    Dex: 12    Spells: 18/28 levels left

rFire    . . .     SeeInvis .   v - staff of wizardry
rCold    . . .     Gourm    .   (no shield)
rNeg     . . .     Faith    .   (armour unavailable)
rPois    .         Spirit   .   w - +0 hat
rElec    .         Reflect  .   (no cloak)
rCorr    .         Harm     .   (no gloves)
MR       +....                  (no boots)
Stlth    ++........             (no amulet)
HPRegen  0.26/turn              m - ring of wizardry
MPRegen  0.18/turn              y - +3 ring of evasion (curse)

@: brilliant, about to teleport
A: breathe power, unfitting armour, cold-blooded, AC +7
a: Breathe Dispelling Energy, Channel Magic, Renounce Religion


You were on level 9 of the Dungeon.
You worshipped Sif Muna.
Sif Muna was pleased with you.
You were very hungry.

You visited 2 branches of the dungeon, and saw 10 of its levels.
You also visited: Ossuary.

You collected 421 gold pieces.

Inventory:

Hand Weapons
 d - a +0 whip
Missiles
 C - 2 throwing nets (quivered)
Armour
 q - a +1 shield
 w - a +0 hat (worn)
Magical Staves
 k - an uncursed staff of air
 v - an uncursed staff of wizardry (weapon)
Jewellery
 m - a ring of wizardry (left hand)
 y - a cursed +3 ring of evasion (right hand)
 B - a cursed ring of attention {unknown}
 D - an uncursed ring of see invisible
 F - an uncursed ring of protection from cold {unknown}
 K - an uncursed amulet of the gourmand {unknown}
Wands
 j - a wand of random effects (33)
 u - a wand of polymorph (4)
 x - a wand of paralysis (6)
 E - a wand of digging (3)
Scrolls
 a - a scroll of fear {unknown}
 g - 4 scrolls of amnesia
 h - 7 scrolls of identify
 i - 2 scrolls of enchant armour
 l - 9 scrolls of remove curse
 n - 4 scrolls of teleportation
 A - 2 scrolls of fog
 I - 2 scrolls of enchant weapon {unknown}
 J - a scroll of immolation {unknown}
Potions
 c - a potion of might
 e - 3 potions of berserk rage
 f - 2 potions of curing
 o - 2 potions of cancellation
 p - 3 potions of mutation
 r - 3 potions of haste
 s - 3 potions of magic
 t - 2 potions of agility
 G - a potion of brilliance
 H - 2 potions of invisibility {unknown}
 L - a potion of lignification
Comestibles
 b - 8 rations


   Skills:
 + Level 11.5 Fighting
 - Level 1.7 Dodging
 - Level 1.7 Stealth
 + Level 9.6 Spellcasting
 - Level 6.0 Conjurations
 - Level 3.3 Hexes


You had 18 spell levels left.
You knew the following spells:

 Your Spells              Type           Power        Failure   Level  Hunger
a - Magic Dart            Conj           ####         1%          1    None
b - Iskenderun's Mystic   Conj           ######..     1%          4    #......
c - Dazzling Spray        Conj/Hex       #####.       1%          3    None
d - Searing Ray           Conj           ######       1%          2    None

Your spell library contained the following spells:

 Spells                   Type           Power        Failure   Level  Hunger
 Blink                    Tloc           N/A          1%          2    None
 Call Imp                 Summ           ####....     1%          2    None
 Slow                     Hex            #####...     1%          2    None
 Conjure Flame            Conj/Fire      #####...     1%          3    None
 Mephitic Cloud           Conj/Pois/Air  #####...     1%          3    None
 Force Lance              Conj/Tloc      #####...     1%          4    #......
 Fulminant Prism          Conj/Hex       #####.....   1%          4    #......


Dungeon Overview and Level Annotations

Branches:
Dungeon (9/15)             Temple (1/1) D:7
   Lair: D:8-11         Orc: D:9-12

Altars:
Ashenzari
Cheibriados
Dithmenos
Elyvilon
Fedhas
Gozag
Hepliaklqana
Kikubaaqudgha
Makhleb
Nemelex Xobeh
Okawaru
Qazlal
Ru
Sif Muna
Trog
Uskayaw
Vehumet
Wu Jian
Xom
Yredelemnul
Zin
The Shining One
Jiyva

Shops:
D:7 !

Annotations:
D:7 2 transporters, Aggronaut's ghost, novice TrMo
D:8 3 runed translucent doors, swagumen's ghost, novice DsFi
D:9 1 runed translucent door, RedPan's ghost, novice DrTm


Innate Abilities, Weirdness & Mutations

You can breathe bolts of dispelling energy.
Your rich purple scales are hard. (AC +7)
You cannot fit into any form of body armour.
You are cold-blooded and may be slowed by cold attacks.


Message History

It was a potion of brilliance.
You feel clever all of a sudden.
You're too confused!
It was a potion of curing.
You feel better.
The centaur warrior unwields a +0 longbow.
The centaur warrior closely misses you.
The crimson imp picks up a beetle and eats it.
Okay, then.
Okay, then.
Evoke which item? (* to show all) (? for menu, Esc to quit)
Okay, then.
The centaur warrior hits you but does no damage.
An ice beast comes into view.
The orc hits you but does no damage. The centaur warrior hits you!
* * * LOW HITPOINT WARNING * * *
Unknown command.
As you read the scroll of teleportation, it crumbles to dust.
You feel strangely unstable.
The ogre hits you with a +0 giant spiked club!!
You die...

*** ### *,* **#.#****
*,**##,...,,,* #.,,,.,...,*,*
#.***#.#.#,*,***** **** #.*
#.#.#,#,,.,,***** ,,,* ####.*
#...#.#,..*,*,,,**** ,,,*
#....######@#.#.###,*,,,,,,,
,,,###....(...(Oc.5.....,,,,,,,,,
,,,.............o......Y,,,,,,,,,
,8,,,,..##..(..%.......#,,,*,,,,,
........*#.####.#......#****,,,,,
........*#.#,,..........,,,,,,,,,
...8....*#.#,#####.#####****,****
....>...+...,*,,,,...,,**,,,,,,,*
........*#..,*,*,,.$.#,*,,*****,,


You could see a centaur warrior, an ice beast (wandering), an ogre, a crimson
imp and an orc.

Vanquished Creatures
  Prince Ribbit (D:8)
  A hippogriff (D:8)
  A shadow (D:9)
  A wraith (D:7)
  Eustachio (D:5)
  A steam dragon (D:8)
  Menkaure (D:5)
  3 ice beasts
  A phantom (D:7)
  2 orc warriors
  6 centaurs
  An ogre (D:7)
  A crocodile (D:9)
  5 bullfrogs
  3 elf zombies (Ossuary)
  A big kobold (D:9)
  A scorpion (D:9)
  A crimson imp (D:6)
  2 bullfrog zombies
  5 hounds
  A human zombie (Ossuary)
  9 orc priests
  A jelly (D:7)
  5 orc wizards
  An iguana (D:9)
  Natasha (thrice) (D:2)
  8 worker ants
  A killer bee zombie (D:8)
  A hound zombie (D:8)
  2 hound skeletons
  4 mummies
  8 gnolls
  15 adders
  2 shadow imps
  5 adder zombies (Ossuary)
  An adder skeleton (D:9)
  6 worms
  3 dart slugs
  6 leopard geckos
  25 orcs
  A ball python (D:4)
  9 giant cockroaches
  2 gnoll zombies (Ossuary)
  6 goblins
  9 hobgoblins
  8 jackals
  4 quokkas
  5 bats
  5 frilled lizards
  3 goblin zombies (Ossuary)
  10 hobgoblin zombies
  A jackal zombie (Ossuary)
  17 kobolds
  4 kobold zombies (Ossuary)
  3 orc zombies (Ossuary)
  4 quokka zombies
  7 rats
  A rat zombie (Ossuary)
245 creatures vanquished.

Notes
Turn   | Place    | Note
-------+----------+-------------------------------------------
     0 | D:1      | Norm the Draconian Conjurer began the quest for the Orb.
     0 | D:1      | Reached XP level 1. HP: 14/14 MP: 3/3
   280 | D:1      | Reached XP level 2. HP: 22/22 MP: 1/5
   499 | D:1      | Reached skill level 1 in Fighting
   876 | D:1      | Found a sparkling altar of Nemelex Xobeh.
  1063 | D:1      | Reached XP level 3. HP: 26/28 MP: 0/6
  1618 | D:2      | Reached XP level 4. HP: 36/36 MP: 1/7
  1909 | D:2      | Noticed Natasha
  1917 | D:2      | Killed Natasha
  1917 | D:2      | Reached skill level 2 in Fighting
  1917 | D:2      | Reached skill level 5 in Conjurations
  1928 | D:2      | Noticed Natasha
  1947 | D:2      | Killed Natasha
  2039 | D:2      | Noticed Natasha
  2044 | D:2      | Killed Natasha
  2044 | D:2      | Reached XP level 5. HP: 30/42 MP: 3/9
  2416 | D:3      | Learned a level 4 spell: Iskenderun's Mystic Blast
  3476 | D:4      | Reached skill level 3 in Fighting
  3534 | D:4      | Reached XP level 6. HP: 51/51 MP: 6/10
  4569 | D:4      | Reached skill level 4 in Fighting
  5201 | D:4      | Your scales start taking on a rich purple colour.
  5201 | D:4      | Reached skill level 5 in Spellcasting
  5201 | D:4      | Reached XP level 7. HP: 60/60 MP: 4/14
  5275 | D:4      | Learned a level 3 spell: Dazzling Spray
  5276 | D:5      | Entered Level 5 of the Dungeon
  5376 | D:5      | Noticed Eustachio
  5443 | D:5      | Noticed Menkaure
  5447 | D:5      | Killed Menkaure
  5447 | D:5      | Reached skill level 1 in Hexes
  5983 | D:5      | Reached skill level 5 in Fighting
  6196 | D:5      | Killed Eustachio
  6275 | D:6      | Reached XP level 8. HP: 63/70 MP: 2/17
  6310 | D:4      | Reached skill level 6 in Fighting
  6595 | D:6      | Found an ancient bone altar of Kikubaaqudgha.
  6880 | D:6      | Reached skill level 7 in Fighting
  7315 | D:5      | Learned a level 2 spell: Searing Ray
  7609 | D:5      | HP: 5/111 [poisoned by an orc]
  7615 | D:5      | HP: 4/111 [poisoned by an orc]
  7620 | D:5      | HP: 3/111 [poisoned by an orc]
  7628 | D:5      | HP: 3/111 [poisoned by an orc]
  8143 | D:6      | Reached skill level 8 in Fighting
  8541 | D:7      | Found a transporter.
  8703 | D:7      | Reached skill level 9 in Fighting
  8837 | D:7      | Found a staircase to the Ecumenical Temple.
  8845 | Temple   | Entered the Ecumenical Temple
  8939 | Temple   | Became a worshipper of Sif Muna the Loreminder
  8989 | D:7      | Found a transporter.
  9002 | D:7      | Noticed Aggronaut's ghost (novice TrMo)
  9196 | D:7      | Reached XP level 9. HP: 82/84 MP: 6/18
  9454 | D:7      | Found Lafaofo's Distillery.
 10399 | D:8      | Found a sand-covered staircase.
 10445 | Ossuary  | Entered an ossuary
 10739 | Ossuary  | Reached * piety under Sif Muna
 10864 | Ossuary  | Reached skill level 10 in Fighting
 11549 | Ossuary  | Reached ** piety under Sif Muna
 12052 | D:8      | Found a runed translucent gate.
 12052 | D:8      | Found a runed translucent gate.
 12052 | D:8      | Found a runed translucent gate.
 12056 | D:8      | Noticed swagumen's ghost (novice DsFi)
 12418 | D:8      | Found a viscous altar of Jiyva.
 12450 | D:8      | Noticed Prince Ribbit
 12548 | D:8      | Killed Prince Ribbit
 12917 | D:9      | Reached skill level 11 in Fighting
 13021 | D:9      | Identified a scroll of acquirement
 13669 | D:9      | Reached XP level 10. HP: 91/96 MP: 4/23
 13791 | D:9      | Noticed RedPan's ghost (novice DrTm)
 13794 | D:9      | Found a runed translucent door.
 14091 | D:9      | Noticed a two-headed ogre
 14234 | D:9      | Noticed a centaur warrior
 14245 | D:9      | Mangled by an ogre

Levels and vault maps discovered:
D:1:      dpeg_arrival_houses_and_road, layout_basic,
          hangedman_abyss_or_decor_lesser_grid, nemelex_diamond_rough_becter
D:2:      layout_rooms, first_ration, minmay_tetromino_s2, uniq_natasha
D:3:      layout_basic
D:4:      layout_basic, minmay_misc_feat_iff
D:5:      layout_gridville, hex_medium, uniq_eustachio, uniq_menkaure
D:6:      layout_rooms, lemuel_doored_altar
D:7:      wander_river, layout_gridville, minmay_temple_entry_hall,
          serial_shops, shop, gammafunk_ghost_mausoleum
D:8:      layout_loops_cross, nicolae_ossuary_entry_giza, gammafunk_ghost_ooze,
          uniq_prince_ribbit1
D:9:      minmay_the_grid_3x2 [minmay_the_grid_aliased_spiral,
          minmay_the_grid_minigrid_small_alt, minmay_the_grid_gridbox,
          minmay_the_grid_diamond_grid, minmay_the_grid_large_cup,
          minmay_the_grid_prize_inner_circle], layout_basic,
          hellmonk_ghost_happy_afterlife, enter_bailey_6
Temple:   dpeg_three_leaves_temple

Skill      XL: |  1  2  3  4  5  6  7  8  9 |
---------------+----------------------------+-----
Fighting       | 1 2 3 4 5 9 11 | 11.5
Conjurations   | 5 6 |  6.0
Spellcasting   | 3 5 6 9 |  9.6
Hexes          | 3 |  3.3
Dodging        | |  1.7
Stealth        | |  1.7

Action                   |  1- 3 |  4- 6 |  7- 9 | 10-12 || total
-------------------------+-------+-------+-------+-------++-------
Melee: Whip              |    36 |    40 |       |       ||    76
       Tailslap          |     2 |     6 |     2 |     1 ||    11
       Unarmed           |     1 |       |       |       ||     1
       Staff             |       |       |    31 |    14 ||    45
 Cast: Magic Dart        |    88 |   186 |   304 |    26 ||   604
       Iskenderun's Myst |       |     7 |    38 |     5 ||    50
       Dazzling Spray    |       |       |    21 |       ||    21
       Searing Ray       |       |       |    55 |     9 ||    64
 Abil: Breathe Dispellin |       |       |     1 |       ||     1
Evoke: Wand              |       |       |     3 |       ||     3
  Use: Scroll            |       |       |    19 |     1 ||    20
       Potion            |       |       |     3 |     2 ||     5
 Stab: Invisible         |       |       |     1 |       ||     1
  Eat: Chunk             |     3 |     9 |    15 |     1 ||    28
       Ration            |       |     1 |     5 |       ||     6
Armor: Skin              |    15 |    15 |    65 |    13 ||   108
Dodge: Dodged            |    37 |    41 |   305 |    46 ||   429

Table legend:
 A = Non-vault XP
 B = Vault XP
 C = Vault XP percentage of total XP
 D = Non-vault monster count
 E = Vault monster count
 F = Vault count percentage of total count
                 A         B        C        D         E       F
            +---------+---------+-------+---------+---------+-------
      Total |    4657 |    1661 |  26.3 |     192 |      53 |  21.6
            +---------+---------+-------+---------+---------+-------
        D:1 |      45 |       0 |   0.0 |      27 |       0 |   0.0
        D:2 |     148 |      41 |  21.7 |      25 |       3 |  10.7
        D:3 |      96 |       0 |   0.0 |      21 |       0 |   0.0
        D:4 |     524 |       0 |   0.0 |      29 |       0 |   0.0
        D:5 |     336 |     354 |  51.3 |       7 |       2 |  22.2
        D:6 |     653 |       0 |   0.0 |      20 |       0 |   0.0
        D:7 |     875 |       0 |   0.0 |      21 |       0 |   0.0
        D:8 |    1229 |     297 |  19.5 |      17 |       4 |  19.0
        D:9 |     751 |     539 |  41.8 |      25 |       7 |  21.9
    Ossuary |       0 |     430 | 100.0 |       0 |      37 | 100.0
            +---------+---------+-------+---------+---------+-------
